 Dungeon Crawl Stone Soup version 0.21.0-37-g46506fa (webtiles) character file.

253749 Zhenya24pyc the Bludgeoner (level 20, 0/122 HPs)
             Began as a Gargoyle Fighter on Jan 31, 2018.
             Was the Champion of Okawaru.
             Slain by a phantasmal warrior (14 damage)
             ... on level 2 of the Vaults.
             The game lasted 03:14:17 (35865 turns).

Zhenya24pyc the Bludgeoner (Gargoyle Fighter)      Turns: 35865, Time: 03:14:18

Health: 0/122      AC: 37    Str: 32    XL:     20   Next: 16%
Magic:  0/26       EV: 15    Int:  9    God:    Okawaru [******]
Gold:   2775       SH: 12    Dex:  7    Spells: 19/19 levels left

rFire    + . .     SeeInvis +   c - +9 morningstar (elec)
rCold    + . .     Gourm    .   E - +0 shield {rF+}
rNeg     + . .     Faith    .   w - +1 ring mail of Distant Shores {rElec MR+ Int-3 SInv}
rPois    ∞         Spirit   +   U - +0 helmet of Zhenya24pyc's Valour {*Drain *Slow rC+ Str+6}
rElec    +         Reflect  .   i - scarf {Spirit}
rCorr    .         Harm     .   P - +2 pair of gloves {Dex+3}
MR       +....                  e - +0 pair of boots
Stlth    ++........             H - amulet of regeneration
HPRegen  1.10/turn              v - ring of the Raven {AC+5 Stlth+}
MPRegen  0.20/turn              Y - ring "Muse" {+Blink +Fly MR+ Dex-3 Stlth+}

@: about to teleport, vulnerable, flying
A: big wings, clumsy 1, frail 1, negative energy resistance 1, regeneration 1,
electricity resistance, unbreathing, petrification resistance, rot immunity, AC
+15
}: 1/15 runes: serpentine
a: Stop Flying, Heroism, Finesse, Renounce Religion, Evoke Blink


You were on level 2 of the Vaults.
You worshipped Okawaru.
Okawaru was exalted by your worship.
You were not hungry.

You visited 6 branches of the dungeon, and saw 30 of its levels.
You visited the Abyss 1 time.
You also visited: Ossuary and Ice Cave.

You collected 3892 gold pieces.
You spent 1117 gold pieces at shops.

Inventory:

Hand Weapons
 c - a +9 morningstar of electrocution (weapon)
Armour
 e - a +0 pair of boots (worn)
 i - a scarf of spirit shield (worn)
 w - the +1 ring mail of Distant Shores (worn) {rElec MR+ Int-3 SInv}
   (You found it on level 6 of the Dungeon)

   It affects your intelligence (-3).
   It insulates you from electricity.
   It affects your resistance to hostile enchantments.
   It lets you see invisible.
 E - a +0 shield of fire resistance (worn)
 M - +0 fire dragon scales
 N - a +2 large shield of cold resistance
 P - a +2 pair of gloves of dexterity (worn)
 U - the +0 helmet of Zhenya24pyc's Valour (worn) {*Drain *Slow rC+ Str+6}
   (Okawaru gifted it to you on level 6 of the Lair of Beasts)

   It affects your strength (+6).
   It protects you from cold.
   It causes draining when unequipped.
   It may slow you when you take damage.
 Z - the +7 chain mail of Analysis {-Tele rElec MR+++ Str-4, unknown}
   (Okawaru gifted it to you on level 2 of the Vaults)

   It affects your strength (-4).
   It insulates you from electricity.
   It affects your resistance to hostile enchantments.
   It prevents most forms of teleportation.
Jewellery
 q - an uncursed ring of protection from magic
 v - the ring of the Raven (left hand) {AC+5 Stlth+}
   (You found it on level 6 of the Dungeon)

   [ring of protection]

   It affects your AC (+5).
   It makes you more stealthy.
 H - an amulet of regeneration (around neck)
 K - an uncursed ring of protection from cold
 W - the ring "Ymopuu" {rElec rC+}
   (You found it on level 15 of the Dungeon)

   [ring of protection from cold]

   It protects you from cold.
   It insulates you from electricity.
 Y - the ring "Muse" (right hand) {+Blink +Fly MR+ Dex-3 Stlth+}
   (You found it on level 15 of the Dungeon)

   [ring of protection from magic]

   It affects your dexterity (-3).
   It affects your resistance to hostile enchantments.
   It lets you fly.
   It lets you blink.
   It makes you more stealthy.
Wands
 g - a wand of digging (36)
 h - a wand of iceblast (7)
 C - a wand of flame (24)
 O - a wand of enslavement (11)
 S - a wand of clouds (10)
 T - a wand of disintegration (20)
Scrolls
 b - 5 scrolls of enchant armour
 j - 21 scrolls of remove curse
 k - 5 scrolls of immolation
 l - 4 scrolls of fog
 m - 5 scrolls of blinking
 o - 8 scrolls of teleportation
 s - a scroll of torment {unknown}
 t - 4 scrolls of fear
 y - a scroll of brand weapon
 A - 10 scrolls of magic mapping
 I - 2 scrolls of enchant weapon
 Q - 8 scrolls of identify
 V - a scroll of vulnerability
Potions
 d - 4 potions of might
 n - 2 potions of resistance
 p - 4 potions of haste
 r - 5 potions of agility
 u - 10 potions of curing
 x - a potion of ambrosia
 z - 8 potions of lignification
 D - a potion of invisibility
 G - a potion of berserk rage
 R - 5 potions of mutation
Comestibles
 f - 37 rations


   Skills:
 + Level 17.9 Fighting
 * Level 19.5 Maces & Flails
 + Level 16.7 Armour
 + Level 12.4 Dodging
 - Level 10.0 Shields
 - Level 8.6 Invocations
 + Level 2.6 Evocations


You had 19 spell levels left.
You didn't know any spells.

Dungeon Overview and Level Annotations

Branches:
Dungeon (15/15)            Temple (1/1) D:7            Lair (6/6) D:9
 Shoals (0/4) Lair:2        Snake (4/4) Lair:3        Slime (0/5) Lair:5
    Orc (2/2) D:12            Elf (0/3) Orc:2        Vaults (2/5) D:14
  Crypt (0/3) Vaults:2     Depths (0/5) D:15

Altars:
Ashenzari
Cheibriados
Dithmenos
Elyvilon
Fedhas
Gozag
Hepliaklqana
Kikubaaqudgha
Makhleb
Nemelex Xobeh
Okawaru
Qazlal
Ru
Sif Muna
Trog
Uskayaw
Vehumet
Wu Jian
Xom
Yredelemnul
Zin
The Shining One
Jiyva

Shops:
D:5 [   D:15 ?}%   Orc:2 *:(=   Snake:1 (   Snake:4 *=(   Vaults:2 [

Annotations:
D:14 exclusion: Roxanne, Roxanne
Lair:4 exclusion: oklob plant


Innate Abilities, Weirdness & Mutations

You are resistant to torment.
Your stone body is resilient. (AC +15)
You are immune to poison.
Your large and strong wings let you fly indefinitely.
You resist negative energy. (rN+)
You are resistant to electric shocks. (rElec)
You can survive without breathing.
You are immune to petrification.
You are immune to rotting.
You are clumsy. (Dex -2)
You are frail. (-10% HP)
Your natural rate of healing is unusually fast.


Message History

The vault warden activates a sealing rune.
A door slams shut!
The phantasmal warrior blinks!
The stone giant throws a large rock.
The large rock hits you. The ice dragon breathes frost at you.
The blast of cold hits you! You resist.
* * * LOW HITPOINT WARNING * * *
The stone giant throws a large rock.
The large rock hits you but does no damage.
The phantasmal warrior blinks!
You see here 2 large rocks.
The stone giant throws a large rock.
The large rock hits you!!
* * * LOW HITPOINT WARNING * * *
You see here a large rock.
Okay, then.
You feel much better.
The yaktaur captain shoots a bolt.
The bolt hits you!!
* * * LOW HITPOINT WARNING * * *
You block the phantasmal warrior's attack.
As you read the scroll of teleportation, it crumbles to dust.
You feel strangely unstable. The phantasmal warrior hits you!
You die...

.................##......#
.................##......#
##########.....Cp##......#
#........#....[c.##......#
#........#[.....C##......#
#........#.)....D##......# ####
#........#)[....(##......# #...
#....8..∩..8....(##......# #.##
#........#.....W@##......# #.#.
######'###.......#####'#######.##
.........).......#...........#.#.
...#######+#.....#.#..%....#.#.#.
...#.......#.....#...........#...
...#.......#.....#.#.....(.#.#)##
...'.......#.....#...........#..}
...#.......#.....#.#.......#.#.##
...#.......#.....#...........'...


You could see an ice dragon, 2 stone giants, a vault warden, a yaktaur captain
and a phantasmal warrior.

Vanquished Creatures
  Jorgrun (Snake:3)
  2 liches (Abyss:1)
  Frances (Snake:1)
  10 nagarajas
  3 vault wardens
  2 fire giants
  2 deep elf sorcerers (Vaults:1)
  3 frost giants
  4 ironheart preservers
  A stone giant (Vaults:2)
  Nessos (Orc:2)
  An ettin (D:15)
  2 deep elf death magi (Vaults:1)
  3 fire dragons
  14 vault guards
  5 yaktaur captains
  5 ogre magi
  4 ice dragons
  A great orb of eyes (Vaults:2)
  6 hydras
  12 centaur warriors
  15 naga warriors
  10 anacondas
  2 death knights (Vaults:2)
  7 tengu warriors
  A dancing weapon (Vaults:2)
  A deep troll shaman (D:14)
  23 two-headed ogres
  4 death yaks (Lair:5)
  3 orc high priests (Orc:2)
  6 naga sharpshooters
  A thrashing horror (Abyss:1)
  Nergalle (Orc:1)
  3 deep elf knights
  7 shock serpents
  Sonja (Lair:4)
  A sea snake (Snake:4)
  An unseen horror (D:14)
  A wretched star (Abyss:1)
  A glowing orange brain (Abyss:1)
  4 salamander mystics
  A skeletal warrior (D:15)
  A wolf spider zombie (D:15)
  3 deep trolls
  An unseen horror (shapeshifter) (D:13)
  9 ironbrand convokers
  10 naga ritualists
  7 orc knights
  A wizard (Vaults:2)
  4 necromancers
  Pikel (D:7)
  A tengu zombie (Vaults:1)
  4 deep elf archers
  A phantasmal warrior (D:15)
  4 harpies (Vaults:1)
  15 ugly things
  4 manticores
  5 orc sorcerers (Orc:2)
  6 deep elf magi
  12 mana vipers
  2 salamanders (shapeshifter)
  2 wolf spiders
  11 cyclopes
  13 salamanders
  A rust devil (Abyss:1)
  A guardian serpent (Snake:3)
  10 elephants
  Maurice (Orc:1)
  An ice statue (IceCv)
  An apocalypse crab (Abyss:1)
  37 black mambas
  4 vault sentinels
  34 naga magi
  34 spiny frogs
  3 centaur skeletons
  A yaktaur zombie (Vaults:1)
  An efreet (D:15)
  12 komodo dragons
  A redback zombie (D:15)
  2 rime drakes
  A komodo dragon (shapeshifter) (Vaults:2)
  11 freezing wraiths
  A tengu conjurer (D:15)
  An ancient zyme (Abyss:1)
  9 yaktaurs
  A large abomination (Abyss:1)
  A red devil (D:10)
  9 trolls
  A yaktaur skeleton (Vaults:1)
  A queen bee (shapeshifter) (Vaults:2)
  7 hornets
  3 tyrant leeches (Lair:6)
  A wind drake (shapeshifter) (Vaults:1)
  20 blink frogs
  18 slime creatures
  13 hippogriffs
  14 dream sheep
  A fire giant simulacrum (Abyss:1)
  6 wraiths
  17 humans
  A shadow (D:11)
  7 wyverns
  5 spriggans (D:15)
  A ynoxinul (Abyss:1)
  53 yaks
  2 hungry ghosts (D:13)
  3 basilisks
  11 vampire mosquitoes
  2 humans (shapeshifter)
  A neqoxec (Abyss:1)
  A death yak simulacrum (IceCv)
  2 acid dragons (Vaults:2)
  2 insubstantial wisps (Lair:6)
  58 nagas
  A soldier ant (shapeshifter) (Vaults:2)
  A soldier ant (D:12)
  11 porcupines
  6 water moccasins
  4 floating eyes (D:15)
  A swamp drake (Lair:6)
  29 orc warriors
  17 ice beasts
  A black bear (shapeshifter) (D:14)
  A necrophage (D:9)
  2 sky beasts
  7 wolves
  3 black bears
  15 ogres
  19 centaurs
  15 crocodiles
  5 big kobolds
  26 bullfrogs
  A wyvern zombie (D:6)
  4 gnoll sergeants (D:12)
  2 water moccasin zombies (Ossuary)
  9 killer bees
  5 scorpions
  A swamp dragon simulacrum (IceCv)
  10 wights
  4 electric eels
  13 howler monkeys
  8 crimson imps
  4 centaur zombies
  4 bullfrog zombies
  A quasit (D:15)
  A wyvern simulacrum (D:15)
  4 draconian simulacra (IceCv)
  8 hounds
  9 orc priests
  4 jellies
  23 orc wizards
  4 iguanas
  7 worker ants
  2 spriggan simulacra (IceCv)
  7 troll simulacra (IceCv)
  5 small abominations (Abyss:1)
  A polar bear simulacrum (IceCv)
  A wolf simulacrum (IceCv)
  6 big kobold zombies (Ossuary)
  3 centaur simulacra
  2 mummies (Ossuary)
  2 worker ant zombies (D:6)
  12 adders
  11 gnolls
  3 naga simulacra (IceCv)
  3 ogre simulacra (IceCv)
  2 shadow imps
  12 white imps (IceCv)
  An ufetubus (Abyss:1)
  3 oozes
  5 adder zombies (Ossuary)
  2 worms (D:3)
  4 dart slugs
  8 leopard geckos
  85 orcs
  8 giant cockroaches
  5 goblins
  8 hobgoblins
  17 jackals
  4 quokkas
  6 ball pythons
  8 bats
  2 frilled lizards
  A gnoll zombie (Ossuary)
  2 hobgoblin zombies (Ossuary)
  27 kobolds
  5 kobold zombies (Ossuary)
  7 orc zombies (Ossuary)
  5 rats
  A fungus (Lair:6)
  4 plants
1303 creatures vanquished.

Vanquished Creatures (others)
  An ironheart preserver (Vaults:1)
  A shadow wraith (Vaults:2)
  A mana viper (Snake:4)
  A black mamba (Snake:4)
  A naga (Snake:2)
  2 orcs (Orc:2)
  A jackal (D:7)
  2 kobolds (D:7)
  A ball python (Snake:4)
  A bush (Lair:6)
  30 fungi
  61 plants
  16 starspawn tentacles (Abyss:1)
119 creatures vanquished.

Grand Total: 1422 creatures vanquished

Notes
Turn   | Place    | Note
-------+----------+-------------------------------------------
     0 | D:1      | Zhenya24pyc the Gargoyle Fighter began the quest for the Orb.
     0 | D:1      | Reached XP level 1. HP: 14/14 MP: 1/1
    57 | D:1      | Reached XP level 2. HP: 19/19 MP: 2/2
   365 | D:1      | Reached skill level 3 in Maces & Flails
   365 | D:1      | Reached XP level 3. HP: 21/24 MP: 3/3
   653 | D:2      | Found a sparkling altar of Nemelex Xobeh.
   728 | D:2      | Reached XP level 4. HP: 12/29 MP: 4/4
  1376 | D:2      | Reached skill level 4 in Maces & Flails
  1606 | D:3      | Reached XP level 5. HP: 34/34 MP: 5/5
  2237 | D:3      | Found a stormy altar of Qazlal.
  2434 | D:4      | Reached skill level 5 in Maces & Flails
  2438 | D:4      | Found a sacrificial altar of Ru.
  2698 | D:4      | Noticed an ogre
  2704 | D:4      | Killed an ogre
  2704 | D:4      | Reached skill level 5 in Fighting
  2704 | D:4      | Reached XP level 6. HP: 23/40 MP: 6/6
  3592 | D:5      | Entered Level 5 of the Dungeon
  3607 | D:5      | Reached skill level 6 in Maces & Flails
  3607 | D:5      | Reached XP level 7. HP: 33/44 MP: 2/7
  3937 | D:5      | Found Gocaz's Antique Armour Boutique.
  4040 | D:5      | Reached skill level 7 in Maces & Flails
  4057 | D:5      | HP: 1/46 [gnoll/halberd (12)]
  4447 | D:5      | Reached XP level 8. HP: 52/52 MP: 2/8
  4588 | D:5      | Reached skill level 8 in Maces & Flails
  5124 | D:6      | Got a warped ring mail
  5135 | D:6      | Identified the +1 ring mail of Distant Shores {rElec MR+ Int-3 SInv} (You found it on level 6 of the Dungeon)
  5465 | D:6      | Reached skill level 9 in Maces & Flails
  5467 | D:6      | Got a bound marble ring
  5469 | D:6      | Identified the ring of the Raven {AC+5 Stlth+} (You found it on level 6 of the Dungeon)
  5525 | D:6      | Found a sparkling altar of Nemelex Xobeh.
  5654 | D:6      | Reached XP level 9. HP: 58/58 MP: 3/9
  6033 | D:7      | Found a sand-covered staircase.
  6042 | Ossuary  | Entered an ossuary
  6292 | D:7      | Found a staircase to the Ecumenical Temple.
  6339 | Temple   | Entered the Ecumenical Temple
  6446 | Temple   | Became a worshipper of Warmaster Okawaru
  6564 | D:7      | Reached skill level 5 in Armour
  6733 | D:7      | Reached skill level 5 in Shields
  6875 | D:7      | Noticed Pikel
  6889 | D:7      | Killed Pikel
  6889 | D:7      | Reached skill level 1 in Invocations
  7690 | D:8      | Reached XP level 10. HP: 65/65 MP: 11/11
  7803 | D:8      | Noticed a two-headed ogre
  7815 | D:8      | Killed a two-headed ogre
  7815 | D:8      | Reached * piety under Okawaru
  7815 | D:8      | Reached skill level 10 in Maces & Flails
  7893 | D:8      | Got a transparent trident
  7894 | D:8      | Identified the +5 trident of Paper {pierce, rF+ Int+3} (You found it on level 8 of the Dungeon)
  8011 | D:8      | Reached ** piety under Okawaru
  8863 | D:8      | Reached skill level 5 in Invocations
  8869 | D:8      | Reached *** piety under Okawaru
  8918 | D:9      | Reached skill level 10 in Fighting
  9137 | D:9      | Found a staircase to the Lair.
  9248 | D:9      | Reached XP level 11. HP: 70/72 MP: 15/15
  9448 | D:10     | Entered Level 10 of the Dungeon
  9565 | D:10     | Reached skill level 11 in Maces & Flails
  9579 | D:10     | Reached skill level 1 in Dodging
  9791 | D:10     | Reached **** piety under Okawaru
  9803 | D:10     | Found an ancient bone altar of Kikubaaqudgha.
  9803 | D:10     | Noticed a hell beast
 10024 | D:10     | Noticed an eight-headed hydra
 10029 | D:10     | Killed an eight-headed hydra
 10481 | D:11     | Noticed a cyclops
 10578 | D:10     | Reached ***** piety under Okawaru
 10632 | D:11     | Killed a cyclops
 10696 | D:11     | Got a brightly glowing scale mail
 10711 | D:11     | Identified the +3 scale mail of the Other Side {Str+2} (You found it on level 11 of the Dungeon)
 10739 | D:11     | Noticed a red ugly thing
 10751 | D:11     | Killed a red ugly thing
 10994 | D:12     | Noticed a two-headed ogre
 11002 | D:12     | Killed a two-headed ogre
 11027 | D:12     | Noticed a two-headed ogre
 11040 | D:12     | Killed a two-headed ogre
 11040 | D:12     | Reached XP level 12. HP: 80/80 MP: 14/16
 11078 | D:12     | Received a gift from Okawaru
 11567 | D:12     | Found a staircase to the Orcish Mines.
 11615 | D:12     | Reached skill level 12 in Maces & Flails
 12257 | D:13     | Found a frozen archway.
 12308 | IceCv    | Entered an ice cave
 12321 | IceCv    | HP: 2/81 [death yak simulacrum (40)]
 12539 | IceCv    | Reached skill level 5 in Dodging
 12605 | IceCv    | Reached ****** piety under Okawaru
 12727 | IceCv    | Reached skill level 10 in Armour
 12818 | IceCv    | Received a gift from Okawaru
 12860 | IceCv    | Found an ancient bone altar of Kikubaaqudgha.
 13309 | D:13     | Noticed a two-headed ogre
 13319 | D:13     | Noticed a centaur warrior
 13325 | D:13     | Reached XP level 13. HP: 54/87 MP: 9/17
 14207 | D:14     | Noticed a fire dragon
 14223 | D:14     | Killed a fire dragon
 14223 | D:14     | Received a gift from Okawaru
 14226 | D:14     | Got a pitted hat {god gift}
 14237 | D:14     | Identified the +0 hat of Juttis {Str-3 Dex+7} (Okawaru gifted it to you on level 14 of the Dungeon)
 14579 | D:14     | Reached skill level 13 in Maces & Flails
 14816 | D:14     | Found a gate to the Vaults.
 14816 | D:14     | Noticed a vault guard
 14816 | D:14     | Noticed a vault guard
 14859 | D:14     | Killed a vault guard
 14995 | D:14     | Noticed Roxanne
 15263 | D:14     | Gained mutation: Your large and strong wings let you fly indefinitely. [Gargoyle growth]
 15263 | D:14     | Reached XP level 14. HP: 94/94 MP: 16/18
 15593 | Lair:1   | Entered Level 1 of the Lair of Beasts
 15883 | Lair:1   | Received a gift from Okawaru
 15886 | Lair:1   | Got a steaming shield {god gift}
 15898 | Lair:1   | Identified the +0 shield of Anaesthesia {rElec rF- SInv} (Okawaru gifted it to you on level 1 of the Lair of Beasts)
 16908 | Lair:2   | Found a staircase to the Shoals.
 17306 | Lair:3   | Found a staircase to the Snake Pit.
 18085 | Lair:4   | Received a gift from Okawaru
 18092 | Lair:4   | Got a jewelled great mace {god gift}
 18501 | Lair:4   | Noticed Sonja
 18523 | Lair:4   | Cast into level 1 of the Abyss (Sonja)
 18571 | Abyss:1  | Gained mutation: You are clumsy. (Dex -2) [a neqoxec]
 18576 | Abyss:1  | Gained mutation: Your natural rate of healing is unusually fast. [a neqoxec]
 18589 | Abyss:1  | Gained mutation: You are frail. (-10% HP) [a neqoxec]
 18637 | Abyss:1  | Found a corrupted altar of Lugonu.
 18723 | Abyss:1  | Found a corrupted altar of Lugonu.
 18727 | Abyss:1  | Noticed a tentacled starspawn
 18740 | Abyss:1  | Found a radiant altar of Vehumet.
 18832 | Abyss:1  | Noticed a tentacled starspawn
 18870 | Abyss:1  | Noticed a white very ugly thing
 18910 | Abyss:1  | Noticed a lich
 18930 | Abyss:1  | Killed a lich
 18930 | Abyss:1  | Reached skill level 14 in Maces & Flails
 18948 | Abyss:1  | Noticed a profane servitor
 18967 | Abyss:1  | Noticed a lich
 18982 | Abyss:1  | Killed a lich
 19106 | Abyss:1  | Noticed a tentacled starspawn
 19218 | Abyss:1  | Reached XP level 15. HP: 77/90 MP: 6/15
 19272 | Abyss:1  | Noticed a daeva
 19396 | Abyss:2  | Found a corrupted altar of Lugonu.
 19409 | Lair:4   | Escaped the Abyss
 19579 | Lair:4   | Killed Sonja
 19791 | Orc:1    | Entered Level 1 of the Orcish Mines
 20110 | Orc:1    | Noticed Nergalle
 20123 | Orc:1    | Killed Nergalle
 20128 | Orc:1    | Noticed Maurice
 20143 | Orc:1    | Killed Maurice
 20453 | Orc:2    | Entered Level 2 of the Orcish Mines
 20861 | Orc:2    | Found a staircase to the Elven Halls.
 20943 | Orc:2    | Noticed Nessos
 21007 | Orc:2    | Killed Nessos
 21525 | Orc:2    | Paralysed by an orc sorcerer for 7 turns
 21558 | Orc:2    | Found Guyjak's Jewellery Emporium.
 21558 | Orc:2    | Found Meprado's Assorted Antiques.
 21560 | Orc:2    | Found Tuacaira's Weapon Emporium.
 21560 | Orc:2    | Found Doban's Book Boutique.
 21571 | Orc:2    | Bought a pair of boots for 130 gold pieces
 21571 | Orc:2    | Bought 2 scrolls of teleportation for 174 gold pieces
 22320 | Lair:5   | Found a viscous altar of Jiyva.
 22321 | Lair:5   | Found a staircase to the Slime Pits.
 22444 | Lair:5   | Received a gift from Okawaru
 23185 | Lair:6   | Entered Level 6 of the Lair of Beasts
 23313 | Lair:6   | Reached skill level 15 in Maces & Flails
 23334 | Lair:6   | Reached skill level 15 in Fighting
 23548 | Lair:6   | Received a gift from Okawaru
 23549 | Lair:6   | Got a heavily runed helmet {god gift}
 23583 | Lair:6   | Reached XP level 16. HP: 80/97 MP: 13/20
 23671 | Lair:6   | Identified the +0 helmet of Zhenya24pyc's Valour {*Drain *Slow rC+ Str+6} (Okawaru gifted it to you on level 6 of the Lair of Beasts)
 24644 | D:15     | Entered Level 15 of the Dungeon
 24766 | D:15     | Found a staircase to the Depths.
 24878 | D:15     | Found Aheot's Gadget Emporium.
 24951 | D:15     | Paralysed by a floating eye for 3 turns
 25010 | D:15     | Got a brightly glowing pewter ring
 25012 | D:15     | Identified the ring "Pechafuaff" {MR+ Stlth-} (You found it on level 15 of the Dungeon)
 25055 | D:15     | Found Vagh's Food Emporium.
 25130 | D:15     | Reached skill level 16 in Maces & Flails
 25135 | D:15     | Reached skill level 10 in Dodging
 25224 | D:15     | Got a transparent marble ring
 25226 | D:15     | Identified the ring "Ymopuu" {rElec rC+} (You found it on level 15 of the Dungeon)
 25274 | D:15     | Paralysed by a floating eye for 3 turns
 25294 | D:15     | Found Dipsulitee's Magic Scroll Emporium.
 25303 | D:15     | Bought a scroll of enchant armour for 97 gold pieces
 25303 | D:15     | Bought a scroll of blinking for 97 gold pieces
 25303 | D:15     | Bought a scroll of blinking for 97 gold pieces
 25303 | D:15     | Bought a scroll of enchant weapon for 97 gold pieces
 25338 | D:15     | Received a gift from Okawaru
 25392 | D:15     | Got a sparkling bone ring
 25447 | D:15     | Identified the ring "Muse" {+Blink +Fly MR+ Dex-3 Stlth+} (You found it on level 15 of the Dungeon)
 25742 | D:15     | Reached XP level 17. HP: 42/103 MP: 1/21
 26073 | Snake:1  | Entered Level 1 of the Snake Pit
 26310 | Snake:1  | Found Diose's Antique Weapon Emporium.
 26316 | Snake:1  | Noticed Frances
 26346 | Snake:1  | Killed Frances
 26803 | Snake:1  | Received a gift from Okawaru
 27015 | Snake:1  | Reached skill level 17 in Maces & Flails
 27960 | Snake:2  | Reached skill level 15 in Armour
 28262 | Snake:3  | Received a gift from Okawaru
 28719 | Snake:3  | Noticed Jorgrun
 28733 | Snake:3  | Killed Jorgrun
 28884 | Snake:3  | Identified the Volume of the Assistive Snowflakes
 29024 | Snake:4  | Entered Level 4 of the Snake Pit
 29147 | Snake:4  | Reached XP level 18. HP: 79/109 MP: 8/22
 29269 | Snake:4  | Received a gift from Okawaru
 29309 | Snake:4  | Reached skill level 18 in Maces & Flails
 29409 | Snake:4  | Received a gift from Okawaru
 29754 | Snake:4  | Found Enaf's Antique Weapon Emporium.
 29859 | Snake:4  | Found Racweasy's Jewellery Shoppe.
 30530 | Snake:4  | Got a serpentine rune of Zot
 30700 | Snake:4  | Found Irhy's Assorted Antiques.
 30708 | Snake:4  | Bought a potion of heal wounds for 165 gold pieces
 31176 | Vaults:1 | Entered Level 1 of the Vaults
 31592 | Vaults:1 | Reached XP level 19. HP: 45/115 MP: 9/24
 31680 | Vaults:1 | Received a gift from Okawaru
 31681 | Vaults:1 | Got a ripped robe {god gift}
 32669 | Vaults:1 | Reached skill level 19 in Maces & Flails
 33611 | Vaults:1 | Received a gift from Okawaru
 34205 | Vaults:2 | Reached skill level 10 in Shields
 34323 | Vaults:2 | Found Unah's Antique Armour Shoppe.
 34373 | Vaults:2 | Reached skill level 1 in Evocations
 34566 | Vaults:2 | Received a gift from Okawaru
 34567 | Vaults:2 | Got an ancient chain mail {god gift}
 34841 | D:15     | Bought a scroll of brand weapon for 260 gold pieces
 35341 | Vaults:2 | Reached XP level 20. HP: 113/122 MP: 22/26
 35448 | Vaults:2 | Found a staircase to the Crypt.
 35865 | Vaults:2 | Slain by a phantasmal warrior

Skill      XL: |  1  2  3  4  5  6  7  8  9 10 11 12 13 14 15 16 17 18 19 20 |
---------------+-------------------------------------------------------------+-----
Maces & Flails | 3 4 5 6 7 9 10 11 12 13 14 15 16 17 18 19 | 19.5
Fighting       | 4 5 6 7 8 10 11 12 13 14 15 16 17 | 17.9
Armour         | 5 6 8 10 11 12 13 14 15 16 | 16.7
Shields        | 5 6 8 9 10 | 10.0
Invocations    | 2 5 6 7 8 |  8.6
Dodging        | 3 5 6 8 9 10 11 12 | 12.4
Evocations     | 1 2 |  2.6

Action                   |  1- 3 |  4- 6 |  7- 9 | 10-12 | 13-15 | 16-18 | 19-21 || total
-------------------------+-------+-------+-------+-------+-------+-------+-------++-------
Melee: Flail             |   117 |   284 |   557 |   980 |  1910 |  1965 |   664 ||  6477
       Morningstar       |       |       |       |       |       |       |   115 ||   115
Invok: Heroism           |       |       |       |    14 |    26 |    28 |       ||    68
       Finesse           |       |       |       |     1 |    11 |     7 |       ||    19
 Abil: Fly               |       |       |       |       |       |     1 |       ||     1
Evoke: Wand              |       |       |       |       |     2 |     7 |       ||     9
  Use: Potion            |       |       |     3 |     1 |     1 |     2 |     3 ||    10
       Scroll            |       |       |    10 |    22 |    13 |     3 |    13 ||    61
 Stab: Sleeping          |       |       |       |     1 |     4 |     9 |     7 ||    21
       Distracted        |       |       |       |       |     3 |     2 |       ||     5
       Confused          |       |       |       |       |       |     1 |       ||     1
  Eat: Chunk             |       |     9 |    13 |    19 |    33 |    15 |    11 ||   100
       Ration            |       |       |       |     1 |     1 |     4 |     1 ||     7
Armor: Scale mail        |    81 |   146 |   107 |       |       |       |       ||   334
       Ring mail         |       |       |   225 |   446 |   658 |   723 |   358 ||  2410
Dodge: Dodged            |    41 |    88 |   158 |   239 |   630 |   657 |   386 ||  2199
Block: Shield            |    62 |   120 |   184 |       |       |   573 |   474 ||  1413
       Large shield      |       |       |   207 |   853 |  1672 |   895 |       ||  3627
